 Dungeon Crawl Stone Soup version 0.29-a0-284-gf9362112df (webtiles) character file.

Game seed: 13830316901510249799

180 siradein the Shooter (level 5, -2/33 HPs)
             Began as a Gargoyle Hunter on Mar 16, 2022.
             Killed from afar by Sigmund (3 damage)
             ... with a magic dart
             ... on level 3 of the Dungeon.
             The game lasted 00:07:39 (2690 turns).

siradein the Shooter (Gargoyle Hunter)              Turns: 2690, Time: 00:07:40

Health: -2/33      AC:  7    Str: 15    XL:     5   Next: 60%
Magic:  5/5        EV: 12    Int: 11    God:
Gold:   180        SH:  0    Dex: 13    Spells: 4/4 levels left

rFire   . . .      SeeInvis .   b - +2 whip (venom)
rCold   . . .      Faith    .   (no shield)
rNeg    + . .      Spirit   .   d - +0 leather armour
rPois   ∞          Reflect  .   (no helmet)
rElec   +          Harm     .   (no cloak)
rCorr   .          Rampage  .   (no gloves)
Will    .....                   (no boots)
Stlth   +.........              (no amulet)
HPRegen 0.11/turn               (no ring)
MPRegen 0.09/turn               (no ring)

@: no status effects
A: sickness immunity, AC +4, negative energy resistance 1, electricity
resistance, torment resistance 1, petrification resistance
a: no special abilities


You were on level 3 of the Dungeon.
You visited 1 branch of the dungeon, and saw 3 of its levels.

You collected 180 gold pieces.

Inventory:

Hand Weapons
 a - a +1 shortbow
 b - a +2 whip of venom (weapon)
Armour
 d - a +0 leather armour (worn)
Scrolls
 c - 2 scrolls of immolation
 h - a scroll of teleportation {unknown}
 k - a scroll of acquirement {unknown}
 l - 2 scrolls of identify {unknown}
 m - a scroll of magic mapping {unknown}
 p - a scroll of brand weapon {unknown}
Potions
 e - a potion of magic {unknown}
 f - 3 potions of curing {unknown}
 g - a potion of ambrosia {unknown}
 i - 2 potions of mutation {unknown}
 j - 2 potions of heal wounds {unknown}
 n - a potion of might {unknown}
 o - a potion of cancellation {unknown}
 q - a potion of flight {unknown}


   Skills:
 + Level 3.9 Fighting
 + Level 5.0 Bows
 + Level 1.0 Armour
 + Level 2.8 Dodging
 - Level 1.1 Stealth


You had 4 spell levels left.
You didn't know any spells.
Your spell library was empty.

Dungeon Overview and Level Annotations

Branches:
Dungeon (3/15)

Altars:

Shops:
D:1 *=   D:2 *

Annotations:
D:3 1 runed translucent door, Cecur's ghost, amateur FoFi; Sigmund


Innate Abilities, Weirdness & Mutations

You are immune to sickness and miasma.
Your stone body is resilient. (AC +4)
You are immune to poison.
You resist negative energy. (rN+)
You are resistant to electric shocks. (rElec)
You are resistant to unholy torment.
You are immune to petrification.


Message History

Sigmund the Dreaded comes into view.
He is wielding a +0 scythe.
Sigmund shouts!
Sigmund is nearby!
Sigmund is nearby!
You shoot an arrow. The arrow barely misses Sigmund.
You shoot an arrow. The arrow closely misses Sigmund.
You shoot an arrow. The arrow closely misses Sigmund.
Sigmund says, "Now you see me, now you don't..."
You shoot an arrow.
The arrow hits Sigmund but does no damage.
Sigmund hits you from afar with a +0 scythe.
You shoot an arrow. The arrow hits Sigmund.
Sigmund is lightly wounded.
Sigmund hits you but does no damage.
Your +2 whip of venom begins to drip with poison!
b - a +2 whip of venom (weapon)
Sigmund mumbles some strange words.
Sigmund flickers and vanishes!
Deactivating autopickup; reactivate with Ctrl-A.
No target in view!
No target in view!
No target in view!
No target in view!
You hit something. Something hits you but does no damage.
You closely miss something. Something barely misses you.
You hit something but do no damage. You miss something. Something hits you.
You miss something. Something hits you but does no damage.
You barely miss something. Something hits you!
You miss something. You miss something. Something hits you!
* * * LOW HITPOINT WARNING * * *
You barely miss something.
You hear some strange, mumbled words.
Something tries to affect you, but you resist.
Something hits you!
* * * LOW HITPOINT WARNING * * *
A magic dart appears from out of thin air!
The magic dart hits you.
You die...

###.#.##.## #.# ####>.........
#.# #........##.## . #.##
#........##.# ..#. #...
#........##.#####...... #.##
####.###.......... ...#.#...
#.######.....######...#.##
####....###..............#.#<
#..........#@...#######..#.#.
#..........................÷)
#..........#############...#.
#........{.#.############..##
#....).....#...............#
#.......$..####''#######...##
#.........###≈≈≈..≈≈≈#........
#.........# #≈≈≈..≈≈≈####...##
.........# #≈≈....≈≈#......#


There were no monsters in sight!

Vanquished Creatures
  3 gnolls
  7 adders
  2 worms (D:1)
  A dart slug (D:1)
  8 ball pythons
  8 endoplasms
  5 giant cockroaches
  6 goblins
  6 hobgoblins
  8 jackals
  10 kobolds
  A quokka (D:1)
  7 bats
  2 frilled lizards (D:1)
  5 rats
79 creatures vanquished.

Notes
Turn   | Place    | Note
-------+----------+-------------------------------------------
     0 | D:1      | siradein the Gargoyle Hunter began the quest for the Orb.
     0 | D:1      | Reached XP level 1. HP: 12/12 MP: 1/1
    31 | D:1      | Reached XP level 2. HP: 18/18 MP: 2/2
   112 | D:1      | Found Sicvotets's General Store.
   222 | D:1      | Reached XP level 3. HP: 22/22 MP: 3/3
   386 | D:1      | Found Nadd's One-of-a-Kind Rings.
   706 | D:2      | Reached XP level 4. HP: 20/28 MP: 4/4
  1765 | D:2      | Found Boif's General Store.
  1778 | D:2      | Reached XP level 5. HP: 32/32 MP: 5/5
  2303 | D:3      | Found a runed translucent door.
  2449 | D:3      | Noticed Cecur's ghost (amateur FoFi)
  2659 | D:3      | Reached skill level 5 in Bows
  2659 | D:3      | Reached skill level 1 in Armour
  2669 | D:3      | Noticed Sigmund
  2686 | D:3      | HP: 1/33 [something (8)]
  2690 | D:3      | Killed from afar by Sigmund

Illustrated notes

Levels and vault maps discovered:
D:1:      dpeg_arrival_arbitrary_c, layout_rooms, serial_shops,
          nicolae_shop_statue_plus, minivault_19, kennysheep_pointless_box,
          nicolae_shop_unique_rings
D:2:      layout_rooms, serial_shops, shop, chequers_serial_rivers_room_b
D:3:      layout_basic, mainiacjoe_overflow_cross_hatched,
          ebering_ghost_sewer_d, kennysheep_generic_room_4, uniq_sigmund

Skill      XL: |  1  2  3  4  5 |
---------------+----------------+-----
Dodging        | 2 |  2.8
Fighting       | 3 |  3.9
Bows           | 5 |  5.0
Armour         | 1 |  1.0
Stealth        | |  1.1

Action                   |  1- 3 |  4- 6 || total
-------------------------+-------+-------++-------
Melee: Whip              |       |    19 ||    19
 Fire: Shortbow          |   131 |   166 ||   297
Armor: Leather armour    |    28 |    57 ||    85
Dodge: Dodged            |    43 |   123 ||   166

Table legend: (Time is in decaauts)
 A = Elapsed time spent in this place.
 B = Non-inter-level travel time spent in this place.
 C = Inter-level travel time spent in this place.
 D = Time resting spent in this place.
 E = Time spent auto-exploring this place.
 F = Levels seen in this place.
 G = Mean time per level.
                   A        B        C        D        E       F      G
               +--------+--------+--------+--------+--------+-----+--------+
         Total |   2793 |   2752 |     41 |   1026 |   1023 |   3 |  931.0 |
       Dungeon |   2793 |   2752 |     41 |   1026 |   1023 |   3 |  931.0 |
               +--------+--------+--------+--------+--------+-----+--------+

Top non-repeatable levels by time:
     D:1: 1806 daAuts
     D:2: 573 daAuts
     D:3: 413 daAuts
